 Dungeon Crawl Stone Soup version 0.17.1-2-g5865329 (webtiles) character file.

95 Grim the Ruffian (level 4, -6/39 HPs)
             Began as a Minotaur Berserker on Feb 16, 2016.
             Was a Believer of Trog.
             Mangled by a gnoll
             ... wielding a +0 spear
              (10 damage)
             ... on level 2 of the Dungeon.
             The game lasted 00:02:39 (1568 turns).

Grim the Ruffian (Minotaur Berserker)               Turns: 1568, Time: 00:02:39

Health: -6/39      AC:  5    Str: 21    XL:     4   Next: 40%
Magic:  3/3        EV: 12    Int:  4    God:    Trog [**....]
Gold:   70         SH:  0    Dex: 11    Spells: 0 memorised, 3 levels left

rFire  . . .     SeeInvis .       - Unarmed
rCold  . . .     Clarity  .     a - +0 animal skin
rNeg   . . .     SustAt   .     (no shield)
rPois  .         Gourm    .     (helmet restricted)
rElec  .         Spirit   .     (no cloak)
rCorr  .         Warding  .     (no gloves)
rMut   .         Stasis   .     j - +2 pair of boots
MR     .....                    (no amulet)
Stlth  +.........               (no ring)
                                (no ring)

@: exhausted, slowed, very slow, not resistant to hostile enchantments, very
unstealthy
A: retaliatory headbutt, horns 2
a: Berserk, Trog's Hand, Burn Spellbooks, Renounce Religion


You were on level 2 of the Dungeon.
You worshipped Trog.
Trog was pleased with you.
You were very hungry.

You visited 1 branch of the dungeon, and saw 2 of its levels.

You collected 70 gold pieces.

Inventory:

Missiles
 h - 13 arrows
Armour
 a - a +0 animal skin (worn)
 j - a +2 pair of boots (worn)
Scrolls
 c - 5 scrolls of identify {unknown}
 e - 2 scrolls of teleportation {unknown}
 i - a scroll of enchant armour {unknown}
 l - 2 scrolls of recharging {unknown}
 n - a scroll of magic mapping {unknown}
 o - a scroll of enchant weapon {unknown}
 p - a scroll of fear {unknown}
Potions
 d - 2 potions of haste {unknown}
 f - a potion of might {unknown}
 g - a potion of invisibility {unknown}
 m - a potion of agility {unknown}
 q - a potion of degeneration {unknown}
 r - 2 potions of cure mutation {unknown}
Comestibles
 b - 3 bread rations
 k - 3 fruits


   Skills:
 - Level 3.6 Fighting
 - Level 2.4 Armour
 - Level 2.1 Dodging
 + Level 5.7 Unarmed Combat


You had 3 spell levels left.
You didn't know any spells.

Dungeon Overview and Level Annotations

Branches:
Dungeon (2/15)

Altars:


Innate Abilities, Weirdness & Mutations

You reflexively headbutt those who attack you in melee.
You have a pair of horns on your head.


Message History

You are no longer berserk.
You pass out from exhaustion.
You feel yourself slow down.
You are feeling very hungry.
The gnoll hits you but does no damage. The gnoll hits you with a spear.
* * * LOW HITPOINT WARNING * * *
The gnoll hits you with a spear!
* * * LOW HITPOINT WARNING * * *
You can move again.
Things that are here:
a halberd; a gnoll corpse You hit the gnoll but do no damage.
You headbutt the gnoll.
The gnoll is heavily wounded.
The gnoll hits you with a spear!
* * * LOW HITPOINT WARNING * * *
You closely miss the gnoll. Your headbutt misses the gnoll.
The gnoll is heavily wounded.
The gnoll hits you with a spear!
You die...

## #.##.##.# ####.### #.# .#
#.##.##.# #.# #.#########
.###.##....######.#####.#........
...#.###.....##.........#.###.###
.#...###.#.#.##.#.#..####.###.###
...#.................# ##.#......
.#######.###.##...##.# #.........
.# #.....#..g###.# #..#.#....
##############..@###.# #.........
......#### #...)...###.###.....
##.......# #...####(##.###.....
##.##.##.## #.......#.#....†....
....).....####..)##.###.##.#.###.
##.##..............## ##......##.
##.##...............###÷##.#....)
##.##................#.###.#.###.
##........####...####..##..#.###.


You could see a gnoll.

Vanquished Creatures
  An adder (D:2)
  3 gnolls (D:2)
  3 worms (D:2)
  A ball python (D:1)
  8 bats
  5 hobgoblins
  2 jackals (D:2)
  6 kobolds
  2 giant cockroaches (D:2)
  2 giant geckos (D:2)
  2 giant newts (D:1)
  7 goblins
  A quokka (D:2)
  4 rats
47 creatures vanquished.

Notes
Turn   | Place    | Note
--------------------------------------------------------------
     0 | D:1      | Grim the Minotaur Berserker began the quest for the Orb.
     0 | D:1      | Reached XP level 1. HP: 19/19 MP: 0/0
   166 | D:1      | Reached XP level 2. HP: 19/26 MP: 1/1
   175 | D:1      | Reached skill level 4 in Unarmed Combat
   885 | D:2      | Reached XP level 3. HP: 25/31 MP: 2/2
  1040 | D:2      | Reached ** piety under Trog
  1108 | D:2      | Reached skill level 5 in Unarmed Combat
  1558 | D:2      | Reached XP level 4. HP: 39/39 MP: 3/3
  1568 | D:2      | Mangled by a gnoll

Action                   |  1- 3 |  4- 6 || total
-------------------------+-------+-------++-------
Melee: Unarmed           |    80 |     6 ||    86
Invok: Berserk           |     1 |       ||     1
 Stab: Sleeping          |     1 |       ||     1
  Eat: Chunk             |     2 |       ||     2
